Map: Frozen Temple

Players

Pucha

  • Race: Protoss Protoss
  • League: Diamond

blackxored - Winner!

  • Race: Zerg Zerg
  • League: Platinum

VOD

Have the link to the VOD?

Description

Time

  • Played on: June 29, 2016, 5:24 p.m.
  • Length: 13:13
Show
View Real Time Build Order
Export as new Build Order

Pucha Protoss 

Build Orders:  

Get SALT Encoding   

  12  0:01  Probe (Chrono Boost)  
  13  0:11  Probe (Chrono Boost)  
  14  0:25  Pylon, Probe (Chrono Boost)  
  15  0:43  Probe (Chrono Boost)  
  16  0:53  Probe (Chrono Boost)  
  18  1:04  Probe (Chrono Boost)  
  18  1:11  Nexus  
  18  1:16  Probe (Chrono Boost)  
  19  1:27  Probe (Chrono Boost)  
  20  1:33  Gateway  
  20  1:43  Gateway  
  20  2:01  Probe (Chrono Boost)  
  20  2:03  Assimilator  
  20  2:06  Pylon  
  21  2:16  Probe (Chrono Boost)  
  22  2:23  Zealot  
  22  2:28  Probe (Chrono Boost)  
  22  2:29  Cybernetics Core  
  25  2:30  Zealot  
  27  2:37  Probe (Chrono Boost)  
  27  2:43  Pylon  
  28  2:47  Probe (Chrono Boost)  
  28  2:48  Probe (Chrono Boost)  
  30  2:52  Zealot  
  30  2:58  Probe x2 (Chrono Boost)  
  33  3:04  Assimilator  
  34  3:07  Probe  
  34  3:09  Probe  
  36  3:18  Probe  
  37  3:21  Probe  
  38  3:29  Adept, Probe  
  38  3:30  Adept  
  43  3:35  Pylon  
  43  3:40  Warp Gate (Chrono Boost), Probe  
  43  3:42  Probe  
  45  3:48  Pylon  
  45  3:51  Probe  
  45  3:54  Probe  
  47  3:57  Stargate  
  47  4:01  Probe  
  47  4:06  Probe  
  47  4:07  Pylon  
  49  4:11  Adept  
  49  4:12  Adept  
  53  4:17  Assimilator  
  53  4:18  Probe  
  53  4:19  Assimilator, Probe  
  53  4:24  Gateway  
  55  4:25  Gateway  
  55  4:42  Oracle (Chrono Boost)  
  58  4:48  Adept x2  
  62  4:54  Probe  
  62  4:59  Probe  
  64  5:04  Pylon  
  64  5:06  Probe  
  64  5:11  Pylon  
  64  5:18  Pylon, Probe  
  65  5:25  Phoenix (Chrono Boost)  
  67  5:32  Gateway  
  67  5:36  Gateway  
  67  5:38  Robotics Facility  
  67  5:47  Phoenix (Chrono Boost)  
  69  5:51  Sentry  
  69  5:52  Sentry x2  
  69  5:53  Sentry  
  77  6:05  Probe x2  
  79  6:17  Pylon, Probe  
  80  6:18  Pylon  
  80  6:29  Probe  
  80  6:30  Probe  
  82  6:34  Pylon  
  82  6:35  Pylon  
  82  6:37  Phoenix (Chrono Boost)  
  81  6:42  Probe x2  
  81  6:45  Pylon  
  81  6:46  Observer (Chrono Boost)  
  84  6:47  Pylon  
  84  6:48  Pylon  
  84  6:51  Zealot x3  
  84  6:54  Probe  
  91  7:01  Phoenix  
  93  7:08  Stalker  
  94  7:27  Forge  
  94  7:29  Forge, Phoenix  
  96  7:36  Twilight Council  
  96  7:44  Adept x4  
  100  7:49  Gateway  
  104  7:54  Phoenix (Chrono Boost)  
  105  8:16  Phoenix (Chrono Boost)  
  107  8:25  Zealot  
  107  8:26  Zealot x3  
  115  8:27  Adept x2  
  115  8:31  Protoss Ground Weapons Level 1 (Chrono Boost)  
  119  8:43  Protoss Ground Armor Level 1 (Chrono Boost)  
  119  8:46  Probe x2  
  121  8:52  Zealot x2  
  125  8:57  Charge (Chrono Boost)  
  125  9:04  Adept x3, Zealot  
  125  9:05  Adept  
  125  9:23  Zealot x2  
  125  9:24  Zealot  
  99  9:38  Phoenix (Chrono Boost)  
  71  9:57  Adept x3  
  71  9:58  Zealot x3  
  71  9:59  Adept  
  85  10:00  Phoenix (Chrono Boost)  
  85  10:04  Nexus  
  85  10:06  Pylon  
  87  10:12  Immortal (Chrono Boost)  
  91  10:25  Sentry x3  
  91  10:26  Mothership Core  
  99  10:28  Adept  
  99  10:29  Zealot x3  
  107  10:51  Assimilator  
  107  10:53  Adept x2  
  107  10:54  Assimilator  
  107  10:55  Adept, Zealot x4  
  121  10:57  Photon Cannon  
  121  10:59  Photon Cannon  
  121  11:02  Photon Cannon  
  121  11:11  Immortal (Chrono Boost)  
  125  11:14  Phoenix (Chrono Boost)  
  101  11:33  Stalker, Zealot x4  
  101  11:36  Phoenix (Chrono Boost)  
  66  11:57  Zealot  
  66  11:58  Zealot  
  66  11:59  Sentry x3, Zealot  
  66  12:00  Zealot  
  82  12:42  Adept  
  82  12:43  Adept  
  82  12:45  Adept x2  
  82  12:46  Zealot x2  
Show
View Real Time Build Order
Export as new Build Order

blackxored Zerg - Winner!

Build Orders: Hatch First 

Get SALT Encoding   

  12  0:02  Drone  
  13  0:09  Drone  
  14  0:18  Overlord  
  14  0:23  Extractor  
  14  0:24  Drone  
  15  0:37  Drone x2  
  17  0:58  Hatchery  
  17  1:01  Drone  
  17  1:02  Drone  
  18  1:15  Extractor  
  17  1:19  Spawning Pool  
  17  1:21  Drone x2  
  18  1:28  Drone  
  19  1:39  Overlord  
  19  1:49  Drone  
  20  2:06  Zergling x2  
  21  2:10  Queen  
  21  2:11  Zergling x2, Queen  
  21  2:12  Zergling x2  
  27  2:16  Metabolic Boost  
  27  2:27  Zergling x4  
  29  2:40  Drone x2  
  31  2:54  Drone x3  
  31  2:55  Drone  
  35  3:01  Hatchery  
  35  3:04  Pneumatized Carapace  
  34  3:06  Drone x2  
  36  3:15  Overlord x2  
  36  3:33  Queen  
  38  3:46  Queen  
  41  3:48  Drone x3  
  41  3:49  Drone x5  
  48  4:21  Drone, Spore Crawler  
  48  4:22  Lair  
  48  4:25  Drone  
  48  4:26  Spore Crawler  
  48  4:27  Drone x6  
  48  4:28  Drone x2  
  56  4:32  Drone  
  57  4:42  Spore Crawler  
  57  4:45  Zergling x4  
  58  4:50  Overlord x3  
  58  5:12  Zergling x8  
  58  5:13  Zergling x14  
  69  5:16  Queen  
  71  5:33  Drone  
  72  5:36  Drone x9, Spore Crawler  
  79  5:43  Extractor, Drone x2  
  79  5:44  Roach Warren  
  79  5:47  Extractor, Drone  
  79  5:48  Extractor  
  79  5:49  Drone  
  79  5:50  Drone  
  80  6:04  Queen, Spine Crawler  
  81  6:17  Overlord  
  81  6:18  Overlord x3, Extractor  
  81  6:19  Extractor, Queen  
  79  6:26  Drone  
  79  6:28  Drone x2  
  79  6:30  Drone x2  
  82  6:33  Overlord x4  
  82  6:42  Drone x3  
  82  6:43  Drone  
  82  6:45  Drone  
  86  6:51  Drone  
  87  6:58  Glial Reconstitution  
  87  7:00  Drone x2  
  87  7:01  Hydralisk Den  
  88  7:02  Drone  
  88  7:08  Roach x2  
  89  7:26  Queen  
  89  7:27  Drone x5  
  89  7:28  Drone  
  97  7:34  Drone x2  
  97  7:35  Evolution Chamber  
  97  7:36  Roach x4  
  106  7:37  Overseer, Evolution Chamber  
  105  7:44  Roach  
  107  7:51  Hydralisk x2, Muscular Augments  
  107  7:52  Hydralisk  
  107  7:57  Drone  
  114  8:01  Roach x4  
  114  8:02  Roach  
  114  8:03  Zerg Missile Weapons Level 1, Zerg Ground Armor Level 1  
  114  8:05  Hatchery  
  123  8:13  Roach x3  
  123  8:17  Burrow  
  129  8:21  Ravager  
  129  8:22  Ravager  
  129  8:25  Roach  
  129  8:26  Overlord x3  
  132  8:30  Zergling x2  
  132  8:31  Zergling x4  
  134  8:46  Spine Crawler x3  
  134  8:47  Drone x5, Spine Crawler  
  135  8:48  Spine Crawler  
  135  8:49  Spine Crawler  
  135  8:53  Roach  
  136  8:56  Ravager x6  
  142  9:04  Roach x2  
  142  9:05  Roach x4  
  150  9:21  Roach x4  
  150  9:22  Roach x4  
  149  9:26  Roach  
  137  9:33  Queen  
  137  9:34  Roach x2  
  141  9:41  Roach  
  141  9:44  Hydralisk x2  
  141  9:51  Overseer  
  141  9:54  Spire  
  141  9:55  Infestation Pit  
  139  10:01  Roach x2  
  139  10:02  Roach x2  
  147  10:08  Drone x3  
  147  10:09  Hatchery  
  147  10:13  Hatchery  
  148  10:15  Zergling x10  
  153  10:22  Hatchery  
  153  10:23  Zergling x6  
  153  10:28  Hydralisk x3  
  157  10:29  Lurker Den  
  157  10:32  Zerg Missile Weapons Level 2  
  157  10:44  Roach x3  
  157  10:45  Roach  
  157  10:46  Hydralisk  
  157  10:48  Overlord x4  
  161  11:02  Overseer  
  161  11:03  Overlord x2  
  161  11:04  Overlord x3  
  161  11:11  Hive  
  153  11:29  Hatchery  
  142  11:35  Roach x16  
  142  11:36  Roach x7  
  174  11:40  Hydralisk  
  174  11:45  Queen  
  172  11:49  Drone x6  
  178  11:56  Overseer  
  178  11:59  Overseer  
  178  12:00  Overseer  
  180  12:08  Drone x3  
  180  12:11  Spore Crawler  
  180  12:12  Extractor, Spine Crawler x2  
  180  12:13  Extractor  
  176  12:25  Ravager  
  176  12:26  Ravager x4  
Tags
 
Add a new tag
Caveats
  • Supply blocks, unpowered buildings, or Contaminate may cause inaccurate times.
  • Supply counts are checked every 10 seconds.